 Dungeon Crawl Stone Soup version 0.31-a0-187-gba352fbbf7 (webtiles) character file.

Game seed: 12779470064953518279

242 qw the Skirmisher (level 5, -2/30 HPs)
             Began as a Deep Elf Hunter on June 22, 2023.
             Slain by a water moccasin (3 damage)
             ... on level 4 of the Dungeon.
             The game lasted 00:01:11 (3155 turns).

qw the Skirmisher (Deep Elf Hunter)                 Turns: 3155, Time: 00:01:11

Health: -2/30      AC:  9    Str: 10    XL:     5   Next: 82%
Magic:  7/7        EV: 11    Int: 14    God:
Gold:   42         SH:  0    Dex: 18    Spells: 4/4 levels left

rFire   . . .        Y - +1 shortbow
rCold   + . .        (shield currently unavailable)
rNeg    . . .        b - +0 ring mail
rPois   .            j - +0 helmet
rElec   .            (no cloak)
rCorr   .            (no gloves)
SInv    .            g - +2 pair of boots
Will    .....        e - amulet of the acrobat
Stlth   +            c - ring of protection from cold
HPRegen 0.25/turn    (no ring)
MPRegen 0.10/turn

%: acrobat
@: about to teleport
A: no striking features
a: no special abilities


You were on level 4 of the Dungeon.
You visited 1 branch of the dungeon, and saw 5 of its levels.

You collected 234 gold pieces.
You spent 192 gold pieces at shops.


   Skills:
 - Level 2.0 Fighting
 - Level 9.2 Ranged Weapons
 + Level 0.0 Armour
 - Level 2.4 Dodging
 - Level 1.2 Stealth


You had 4 spell levels left.
You didn't know any spells.
Your spell library was empty.

Inventory:

Hand Weapons
 Y - a +1 shortbow (weapon)
Armour
 b - a +0 ring mail (worn)
 g - a +2 pair of boots (worn)
 j - a +0 helmet (worn)
Jewellery
 c - a ring of protection from cold (left hand)
 e - an amulet of the acrobat (around neck)
Scrolls
 a - 2 scrolls of identify
Potions
 d - a potion of mutation
 i - 3 potions of curing
 k - 2 potions of haste

Dungeon Overview and Level Annotations

Branches:
Dungeon (5/15)
 Temple: D:4-7

Altars:

Shops:
D:1 !   D:4 !


Message History

The water moccasin bites you.
3144 ||| STAIRDANCE The water moccasin bites you.
You climb upwards.
There is a stone staircase leading down here.
You shoot an arrow.
The arrow barely misses the water moccasin.
The water moccasin bites you but does no damage. x2
You shoot an arrow.
The arrow hits the water moccasin but does no damage.
The water moccasin bites you.
You shoot an arrow.
The arrow hits the water moccasin but does no damage.
The water moccasin closely misses you.
The water moccasin bites you but does no damage.
You shoot an arrow. The arrow hits the water moccasin.
The water moccasin is lightly wounded.
The water moccasin barely misses you. The water moccasin bites you!
You shoot an arrow. The arrow hits the water moccasin!
The water moccasin is moderately wounded.
The water moccasin bites you.
You shoot an arrow.
The arrow hits the water moccasin but does no damage.
The water moccasin is moderately wounded.
The water moccasin bites you but does no damage.
The water moccasin misses you.
You shoot an arrow. The arrow misses the water moccasin.
The water moccasin bites you but does no damage.
You shoot an arrow.
The arrow hits the water moccasin but does no damage.
The water moccasin is moderately wounded.
The water moccasin bites you. x2
3154 ||| READING scroll of teleportation.
As you read the scroll of teleportation, it crumbles to dust.
You feel strangely unstable. The water moccasin barely misses you.
You shoot an arrow.
The arrow barely misses the water moccasin.
The water moccasin bites you. x2
You die...

##..............#..#..##..%.....
#...............#..#.....##.....
##........###............##.....
#....#....#.....[........##.....
##..##..#.......#........#......
#.....##.......##............##
#..............#..##.........##
##.....................#)......
####......#.....@..[.............
#........##....S.....##..........
...#..(..........##[###..........
..............(..........#.......
...!.....#.......#...............
##.......#......###...#.##.......
####....#####..# #####.##.....##
#....# #### #####.....# ##..###
#####...#...###


You could see a water moccasin.

Vanquished Creatures
  2 hounds
  A jelly (D:4)
  5 adders
  3 worms
  2 dart slugs (D:3)
  9 orcs
  11 endoplasms
  6 giant cockroaches
  5 goblins
  4 hobgoblins
  3 jackals (D:3)
  4 quokkas
  2 ball pythons
  11 bats
  3 frilled lizards
  8 kobolds
  5 rats
84 creatures vanquished.

Notes
Turn   | Place    | Note
-------+----------+-------------------------------------------
     0 | D:1      | qw the Deep Elf Hunter began the quest for the Orb.
     0 | D:1      | Reached XP level 1. HP: 12/12 MP: 3/3
     0 | D:1      | 0 ||| qw: Version: 0.3-a-9-g12657ce
     0 | D:1      | 0 ||| qw: Game counter: 2071
     0 | D:1      | 0 ||| qw: Always use a shield: true
     0 | D:1      | 0 ||| qw: God list: Okawaru
     0 | D:1      | 0 ||| qw: Allow faded altars: false
     0 | D:1      | 0 ||| qw: Do Orc after D:15 true
     0 | D:1      | 0 ||| qw: Do second Lair branch before Depths: true
     0 | D:1      | 0 ||| qw: Lair rune preference: random
     0 | D:1      | 0 ||| qw: Plans: Normal
     0 | D:1      | 0 ||| PLANNING D:1-11
   227 | D:1      | Found Wunep's Distillery.
   230 | D:1      | 230 ||| SHOPLISTING potion of haste (100 gold, have 15).
   241 | D:1      | Reached skill level 6 in Ranged Weapons
   241 | D:1      | Reached XP level 2. HP: 16/16 MP: 4/4
   507 | D:1      | Found a faded altar of an unknown god.
   739 | D:1      | Reached XP level 3. HP: 20/20 MP: 5/5
   813 | D:1      | 813 ||| READING scroll labelled YHUUFRASSE.
   814 | D:1      | 814 ||| READING 3 scrolls labelled LOGGAJOLENT.
   819 | D:1      | 819 ||| DRINKING 2 blue potions.
   820 | D:1      | 820 ||| DROPPING scroll of butterflies.
   821 | D:1      | 821 ||| DROPPING potion of degeneration.
  1016 | D:2      | Reached skill level 7 in Ranged Weapons
  1016 | D:2      | Reached XP level 4. HP: 23/25 MP: 6/6
  1899 | D:2      | 1899 ||| UPGRADING to +0 ring mail.
  1909 | D:2      | 1909 ||| DROPPING +0 leather armour.
  1910 | D:2      | 1910 ||| READING 2 scrolls labelled KUPUSO RALA.
  1911 | D:2      | 1911 ||| READING scroll labelled WEREURPH INYRA.
  2018 | D:3      | Reached skill level 8 in Ranged Weapons
  2202 | D:3      | HP: 5/25 [frozen (2)]
  2203 | D:3      | 2203 ||| READING 2 scrolls of teleportation.
  2203 | D:3      | HP: 2/25 [frozen (3)]
  2368 | D:3      | Reached XP level 5. HP: 29/29 MP: 7/7
  2634 | D:3      | 2634 ||| UPGRADING to amulet of the acrobat.
  2639 | D:3      | 2639 ||| READING scroll labelled GUPOFR EGACW.
  2640 | D:3      | 2640 ||| READING scroll labelled SOMACS DAFUWN.
  2641 | D:3      | 2641 ||| READING scroll labelled RELUTE QIOS.
  2642 | D:3      | 2642 ||| DRINKING 3 bubbling grey potions.
  2643 | D:3      | 2643 ||| DROPPING 2 potions of brilliance.
  2765 | D:4      | Reached skill level 9 in Ranged Weapons
  3011 | D:4      | Found Xes Teun's Distillery.
  3019 | D:4      | 3019 ||| BUYING potion of curing (36 gold).
  3019 | D:4      | Bought a potion of curing for 36 gold pieces
  3019 | D:4      | 3019 ||| BUYING potion of curing (36 gold).
  3019 | D:4      | Bought a potion of curing for 36 gold pieces
  3019 | D:4      | 3019 ||| BUYING potion of haste (120 gold).
  3019 | D:4      | Bought a potion of haste for 120 gold pieces
  3019 | D:4      | 3019 ||| SHOPLISTING potion of haste (120 gold, have 42).
  3019 | D:4      | 3019 ||| SHOPLISTING potion of heal wounds (60 gold, have
                  | 42).
  3019 | D:4      | 3019 ||| SHOPLISTING potion of might (48 gold, have 42).
  3019 | D:4      | 3019 ||| SHOPLISTING potion of mutation (96 gold, have 42).
  3113 | D:4      | 3113 ||| UPGRADING to +2 pair of boots.
  3118 | D:4      | 3118 ||| UPGRADING to +0 helmet.
  3123 | D:4      | 3123 ||| UPGRADING to ring of protection from cold.
  3124 | D:4      | 3124 ||| READING 4 scrolls of identify.
  3124 | D:4      | 3124 ||| IDENTIFYING dark potion
  3125 | D:4      | 3125 ||| READING 3 scrolls of identify.
  3125 | D:4      | 3125 ||| IDENTIFYING amethyst potion
  3126 | D:4      | 3126 ||| DROPPING potion of attraction.
  3141 | D:5      | Entered Level 5 of the Dungeon
  3141 | D:5      | Noticed a water moccasin
  3144 | D:5      | 3144 ||| STAIRDANCE
  3153 | D:4      | HP: 6/30 [water moccasin (3)]
  3154 | D:4      | 3154 ||| READING scroll of teleportation.
  3155 | D:4      | HP: 1/30 [water moccasin (6)]
  3155 | D:4      | Slain by a water moccasin

Levels and vault maps discovered:
D:1:      lemuel_arrival_funnel, layout_basic, serial_shops, shop,
          shapermc_ecumenical_altar_mp_highgroup, minmay_pentomino_u2
D:2:      layout_loops_corners, chequers_big_river
D:3:      layout_basic
D:4:      layout_cave_pools, serial_shops, nicolae_shop_industrial_runoff
D:5:      layout_basic

Skill      XL: |  1  2  3  4  5 |
---------------+----------------+-----
Ranged Weapons | 6 7 8 9 |  9.2
Fighting       | 2 |  2.0
Dodging        | |  2.4
Stealth        | |  1.2

Action                     |  1- 3 |  4- 6 || total
---------------------------+-------+-------++-------
   Fire: Shortbow          |    96 |   166 ||   262
    Use: Scroll            |     2 |     9 ||    11
         Potion            |     1 |     1 ||     2
 Armour: Leather armour    |     7 |     2 ||     9
         Ring mail         |       |    22 ||    22
  Dodge: Dodged            |    24 |    38 ||    62

Table legend:
 A = Non-vault XP
 B = Vault XP
 C = Vault XP percentage of total XP
 D = Non-vault monster count
 E = Vault monster count
 F = Vault count percentage of total count
                 A         B        C        D         E       F
            +---------+---------+-------+---------+---------+-------
      Total |     345 |       2 |   0.6 |      83 |       1 |   1.2
            +---------+---------+-------+---------+---------+-------
        D:1 |      39 |       2 |   4.9 |      25 |       1 |   3.8
        D:2 |      99 |       0 |   0.0 |      16 |       0 |   0.0
        D:3 |      78 |       0 |   0.0 |      29 |       0 |   0.0
        D:4 |     129 |       0 |   0.0 |      13 |       0 |   0.0
            +---------+---------+-------+---------+---------+-------
